TOP OF THE 1ST |
Texas Longhorns batting - Pitching for Oregon Ducks : RHP Archie Summers
|
Pitching: RHP Archie Summers
|
|
Batting: LHB Jon Rogers
|
0-0: Ball 1-0: Ball 2-0: Ball 3-0: Called Strike 3-1: Fly out, F7 (Flyball, 7S)
|
Batting: RHB Rich Henley
|
0-0: Foul Ball, location: 2F 0-1: Ball 1-1: Called Strike 1-2: Ball 2-2: Foul Ball, location: 2F 2-2: Ball 3-2: Foul Ball, location: 2F 3-2: Foul Ball, location: 2F 3-2: Foul Ball, location: 2F 3-2: Strikes out swinging
|
Batting: LHB Gabriel Ortíz
|
0-0: Swinging Strike 0-1: Called Strike 0-2: Ball 1-2: Strikes out swinging
|
Top of the 1st over - 0 run(s), 0 hit(s), 0 error(s), 0 left on base; Texas 0 - Oregon 0 |
BOTTOM OF THE 1ST |
Oregon Ducks batting - Pitching for Texas Longhorns : RHP Fernando Castillo
|
Pitching: RHP Fernando Castillo
|
|
Batting: RHB Mike Schenck
|
0-0: Called Strike 0-1: Ground out 5-3 (Groundball, 6S)
|
Batting: LHB Jason Roberts
|
0-0: Called Strike 0-1: Called Strike 0-2: Ground out 4-3 (Groundball, 4)
|
Batting: RHB Ricardo Salazar
|
0-0: Ball 1-0: Ball 2-0: Ground out 1-3 (Groundball, 13)
|
Bottom of the 1st over - 0 run(s), 0 hit(s), 0 error(s), 0 left on base; Texas 0 - Oregon 0 |
TOP OF THE 2ND |
Texas Longhorns batting - Pitching for Oregon Ducks : RHP Archie Summers
|
Batting: LHB Ernesto López
|
0-0: Ball 1-0: Called Strike 1-1: Ball 2-1: Foul Ball, location: 2F 2-2: Foul Ball, location: 2F 2-2: Strikes out swinging
|
Batting: LHB Gerald Galloway
|
0-0: Called Strike 0-1: Ball 1-1: Ball 2-1: Called Strike 2-2: Strikes out looking
|
Batting: RHB Shane O'Higgins
|
0-0: Swinging Strike 0-1: Ground out 6-3 (Groundball, 6M)
|
Top of the 2nd over - 0 run(s), 0 hit(s), 0 error(s), 0 left on base; Texas 0 - Oregon 0 |
BOTTOM OF THE 2ND |
Oregon Ducks batting - Pitching for Texas Longhorns : RHP Fernando Castillo
|
Batting: LHB José Hernández
|
0-0: Ball 1-0: Ball 2-0: Called Strike 2-1: Ball 3-1: Base on Balls
|
Batting: RHB Tony Cabrera
|
0-0: Foul Ball, location: 2F 0-1: Swinging Strike 0-2: Strikes out swinging
|
Batting: LHB José Román
|
0-0: Foul Ball, location: 2F 0-1: Called Strike 0-2: Reached on error, E2 (Groundball, 2L) José Hernández to third
|
Batting: RHB Jared Pass
|
0-0: Called Strike 0-1: Foul Ball, location: 2F 0-2: Ball 1-2: Strikes out swinging
|
Batting: RHB Tom Cirilo
|
0-0: Ground out 4-3 (Groundball, 4)
|
Bottom of the 2nd over - 0 run(s), 0 hit(s), 1 error(s), 2 left on base; Texas 0 - Oregon 0 |
TOP OF THE 3RD |
Texas Longhorns batting - Pitching for Oregon Ducks : RHP Archie Summers
|
Batting: RHB Jeff Blanton
|
0-0: Ground out 5-3 (Groundball, 56)
|
Batting: SHB Ron Taylor
|
0-0: Called Strike 0-1: Ball 1-1: Ground out 1-3 (Groundball, 13)
|
Batting: RHB Eugene Salazar
|
0-0: Called Strike 0-1: Ball 1-1: Ball 2-1: Ball 3-1: Base on Balls
|
Batting: LHB Jon Rogers
|
0-0: Called Strike 0-1: Ball 1-1: Swinging Strike 1-2: Ball 2-2: Strikes out swinging
|
Top of the 3rd over - 0 run(s), 0 hit(s), 0 error(s), 1 left on base; Texas 0 - Oregon 0 |
BOTTOM OF THE 3RD |
Oregon Ducks batting - Pitching for Texas Longhorns : RHP Fernando Castillo
|
Batting: RHB Bob Levinson
|
0-0: Called Strike 0-1: Swinging Strike 0-2: Strikes out swinging
|
Batting: RHB Mike Schenck
|
0-0: Ball 1-0: Ball 2-0: Ground out 6-3 (Groundball, 56)
|
Batting: LHB Jason Roberts
|
0-0: Called Strike 0-1: Called Strike 0-2: Foul Ball, location: 2F 0-2: Strikes out swinging
|
Bottom of the 3rd over - 0 run(s), 0 hit(s), 0 error(s), 0 left on base; Texas 0 - Oregon 0 |
TOP OF THE 4TH |
Texas Longhorns batting - Pitching for Oregon Ducks : RHP Archie Summers
|
Batting: RHB Rich Henley
|
0-0: Ball 1-0: Ball 2-0: Called Strike 2-1: Called Strike 2-2: Strikes out swinging
|
Batting: LHB Gabriel Ortíz
|
0-0: Called Strike 0-1: Ball 1-1: Foul Ball, location: 2F 1-2: Strikes out looking
|
Batting: LHB Ernesto López
|
0-0: Fly out, F8 (Flyball, 8LS)
|
Top of the 4th over - 0 run(s), 0 hit(s), 0 error(s), 0 left on base; Texas 0 - Oregon 0 |
BOTTOM OF THE 4TH |
Oregon Ducks batting - Pitching for Texas Longhorns : RHP Fernando Castillo
|
Batting: RHB Ricardo Salazar
|
0-0: Fly out, F9 (Flyball, 9M)
|
Batting: LHB José Hernández
|
0-0: Ball 1-0: Ball 2-0: Reached on error, E3 (Groundball, 3S)
|
Batting: RHB Tony Cabrera
|
0-0: Ball 1-0: Swinging Strike 1-1: Called Strike 1-2: Ball 2-2: Strikes out swinging
|
Batting: LHB José Román
|
0-0: Ball 1-0: Called Strike 1-1: Swinging Strike 1-2: Foul Ball, location: 2F 1-2: Ball 2-2: Strikes out swinging
|
Bottom of the 4th over - 0 run(s), 0 hit(s), 1 error(s), 1 left on base; Texas 0 - Oregon 0 |
TOP OF THE 5TH |
Texas Longhorns batting - Pitching for Oregon Ducks : RHP Archie Summers
|
Batting: LHB Gerald Galloway
|
0-0: Called Strike 0-1: Ball 1-1: Foul Ball, location: 2F 1-2: Ball 2-2: Strikes out swinging
|
Batting: RHB Shane O'Higgins
|
0-0: Called Strike 0-1: Foul Ball, location: 2F 0-2: Ball 1-2: Strikes out looking
|
Batting: RHB Jeff Blanton
|
0-0: Ground out 4-3 (Groundball, 4)
|
Top of the 5th over - 0 run(s), 0 hit(s), 0 error(s), 0 left on base; Texas 0 - Oregon 0 |
BOTTOM OF THE 5TH |
Oregon Ducks batting - Pitching for Texas Longhorns : RHP Fernando Castillo
|
Batting: RHB Jared Pass
|
0-0: Swinging Strike 0-1: Ball 1-1: Foul Ball, location: 2F 1-2: Foul Ball, location: 2F 1-2: Ball 2-2: Ground out 5-3 (Groundball, 56)
|
Batting: RHB Tom Cirilo
|
0-0: Called Strike 0-1: Foul Ball, location: 2F 0-2: Ball 1-2: Ball 2-2: Foul Ball, location: 2F 2-2: Foul Ball, location: 2F 2-2: Strikes out swinging
|
Batting: RHB Bob Levinson
|
0-0: Ground out 4-3 (Groundball, 4)
|
Bottom of the 5th over - 0 run(s), 0 hit(s), 0 error(s), 0 left on base; Texas 0 - Oregon 0 |
TOP OF THE 6TH |
Texas Longhorns batting - Pitching for Oregon Ducks : RHP Archie Summers
|
Batting: SHB Ron Taylor
|
0-0: Ball 1-0: Ball 2-0: Called Strike 2-1: Fly out, F8 (Flyball, 8LM)
|
Batting: RHB Eugene Salazar
|
0-0: Ball 1-0: Foul Ball, location: 2F 1-1: Called Strike 1-2: Foul Ball, location: 2F 1-2: Ball 2-2: Ball 3-2: DOUBLE (Flyball, 78XD)
|
Batting: LHB Jon Rogers
|
0-0: Intentional Walk
|
Pitching: RHP Kirby Johnson
|
|
Batting: RHB Rich Henley
|
0-0: Foul Ball, location: 2F 0-1: Swinging Strike 0-2: Ground out 5-3 (Groundball, 5S) Eugene Salazar to third Jon Rogers to second
|
Batting: LHB Gabriel Ortíz
|
0-0: Swinging Strike 0-1: Foul Ball, location: 2F 0-2: Strikes out looking
|
Top of the 6th over - 0 run(s), 1 hit(s), 0 error(s), 2 left on base; Texas 0 - Oregon 0 |
BOTTOM OF THE 6TH |
Oregon Ducks batting - Pitching for Texas Longhorns : RHP Fernando Castillo
|
Batting: RHB Mike Schenck
|
0-0: Ball 1-0: Called Strike 1-1: Foul Ball, location: 2F 1-2: Ball 2-2: Ball 3-2: Foul Ball, location: 2F 3-2: Foul Ball, location: 2F 3-2: Base on Balls
|
Batting: LHB Jason Roberts
|
0-0: Called Strike 0-1: Called Strike 0-2: Ball 1-2: Strikes out swinging
|
Batting: RHB Ricardo Salazar
|
0-0: Called Strike 0-1: Ball 1-1: Called Strike Mike Schenck steals 2nd base 1-2: Foul Ball, location: 2F 1-2: Ball 2-2: Ball 3-2: Foul Ball, location: 2F 3-2: SINGLE (Flyball, 7LM) Mike Schenck to third
|
Pitching: RHP Claudio Mata
|
|
Batting: LHB José Hernández
|
0-0: Called Strike Ricardo Salazar steals 2nd base 0-1: Swinging Strike 0-2: Strikes out looking
|
Batting: RHB Tony Cabrera
|
0-0: Called Strike 0-1: Foul Ball, location: 2F 0-2: Ball 1-2: Ball 2-2: SINGLE (Flyball, 9LM) Mike Schenck scores Ricardo Salazar to third Runner from 3rd tries for Home, SAFE, no throw or cutoff
|
Batting: LHB José Román
|
0-0: Called Strike 0-1: Called Strike 0-2: Hit by Pitch Tony Cabrera to second
|
Batting: RHB Jared Pass
|
0-0: Called Strike 0-1: Ball 1-1: Foul Ball, location: 2F 1-2: SINGLE (Groundball, 5D) Tony Cabrera to third José Román to second Runner from 3rd tries for Home, SAFE, no throw or cutoff
|
Batting: RHB Tom Cirilo
|
0-0: Ball 1-0: SINGLE (Groundball, 4M) José Román to third Jared Pass to second Runner from 3rd tries for Home, SAFE, no throw or cutoff
|
Batting: RHB Bob Levinson
|
0-0: Ball 1-0: Ball 2-0: Called Strike 2-1: Foul Ball, location: 2F 2-2: Strikes out swinging
|
Bottom of the 6th over - 4 run(s), 4 hit(s), 0 error(s), 2 left on base; Texas 0 - Oregon 4 |
TOP OF THE 7TH |
Texas Longhorns batting - Pitching for Oregon Ducks : RHP Kirby Johnson
|
Batting: LHB Ernesto López
|
0-0: Ball 1-0: Ball 2-0: Ball 3-0: Called Strike 3-1: Base on Balls
|
Batting: LHB Gerald Galloway
|
0-0: Ball 1-0: Ball 2-0: SINGLE (Groundball, 34) Ernesto López to second Throwing error, E9 Ernesto López scores Gerald Galloway to second
|
Batting: RHB Shane O'Higgins
|
0-0: Ball 1-0: Foul Ball, location: 2F 1-1: SINGLE (Groundball, 4MD) Gerald Galloway to third Runner from 3rd tries for Home, SAFE, throw made home
|
Batting: RHB Jeff Blanton
|
0-0: Ball 1-0: Ball 2-0: Called Strike 2-1: Ball 3-1: Foul Ball, location: 2F 3-2: SINGLE (Groundball, 4D) Shane O'Higgins to second Runner from 2nd tries for 3rd, OUT!
|
Batting: SHB Ron Taylor
|
0-0: Ball 1-0: Ball 2-0: Ball 3-0: Called Strike 3-1: Swinging Strike 3-2: Base on Balls Jeff Blanton to second
|
Batting: RHB Eugene Salazar
|
0-0: Ball 1-0: Ball 2-0: Ball 3-0: Called Strike 3-1: Grounds into double play, 6-4-3 (Groundball, 6)
|
Top of the 7th over - 2 run(s), 3 hit(s), 1 error(s), 1 left on base; Texas 2 - Oregon 4 |
BOTTOM OF THE 7TH |
Oregon Ducks batting - Pitching for Texas Longhorns : RHP Claudio Mata
|
Batting: RHB Mike Schenck
|
0-0: Ball 1-0: Swinging Strike 1-1: Ball 2-1: Ball 3-1: Called Strike 3-2: Foul Ball, location: 2F 3-2: Strikes out swinging
|
Batting: LHB Jason Roberts
|
0-0: SINGLE (Line Drive, 8RS)
|
Batting: RHB Ricardo Salazar
|
0-0: Called Strike 0-1: Foul Ball, location: 2F 0-2: Ball 1-2: 2-RUN HOME RUN (Flyball, 9D), Distance : 353 ft
|
Pitching: RHP Robby Marson
|
|
Batting: LHB José Hernández
|
0-0: Ball 1-0: Ball 2-0: Foul Ball, location: 2F 2-1: Ball 3-1: Base on Balls
|
Batting: RHB Tony Cabrera
|
0-0: Called Strike José Hernández is caught stealing 2nd base 0-1: Fly out, F3 (Popup, 23F)
|
Bottom of the 7th over - 2 run(s), 2 hit(s), 0 error(s), 0 left on base; Texas 2 - Oregon 6 |
TOP OF THE 8TH |
Texas Longhorns batting - Pitching for Oregon Ducks : RHP Kirby Johnson
|
Pitching: RHP Edward Long
|
|
Batting: LHB Jon Rogers
|
0-0: Ball 1-0: Foul Ball, location: 2F 1-1: Ball 2-1: Called Strike 2-2: Fly out, F7 (Flyball, 7M)
|
Batting: RHB Rich Henley
|
0-0: Foul Ball, location: 2F 0-1: Ball 1-1: Ball 2-1: Ball 3-1: Foul Ball, location: 2F 3-2: Strikes out swinging
|
Batting: LHB Gabriel Ortíz
|
0-0: Swinging Strike 0-1: Ball 1-1: Foul Ball, location: 2F 1-2: Foul Ball, location: 2F 1-2: Strikes out swinging
|
Top of the 8th over - 0 run(s), 0 hit(s), 0 error(s), 0 left on base; Texas 2 - Oregon 6 |
BOTTOM OF THE 8TH |
Oregon Ducks batting - Pitching for Texas Longhorns : RHP Robby Marson
|
Batting: LHB José Román
|
0-0: Ball 1-0: Swinging Strike 1-1: Foul Ball, location: 2F 1-2: Foul Ball, location: 2F 1-2: Strikes out swinging
|
Batting: RHB Jared Pass
|
0-0: Ball 1-0: Foul Ball, location: 2F 1-1: Called Strike 1-2: SOLO HOME RUN (Flyball, 78XD), Distance : 384 ft
|
Batting: RHB Tom Cirilo
|
0-0: Called Strike 0-1: Ball 1-1: Ball 2-1: SINGLE (Groundball, 56D)
|
Batting: RHB Bob Levinson
|
0-0: Called Strike 0-1: SINGLE (Groundball, 4MD) Tom Cirilo to second
|
Batting: RHB Mike Schenck
|
0-0: SINGLE (Groundball, 56D) Tom Cirilo to third Bob Levinson to second
|
Batting: LHB Jason Roberts
|
0-0: Swinging Strike 0-1: Swinging Strike 0-2: Ball Wild Pitch! Tom Cirilo scores Bob Levinson to third Mike Schenck to second 1-2: Fly out, F7 (Flyball, 7M) Runner from 3rd tags up, SCORES, no throw
|
Batting: RHB Ricardo Salazar
|
0-0: Called Strike 0-1: Ball 1-1: Called Strike 1-2: Strikes out swinging
|
Bottom of the 8th over - 3 run(s), 4 hit(s), 0 error(s), 1 left on base; Texas 2 - Oregon 9 |
TOP OF THE 9TH |
Texas Longhorns batting - Pitching for Oregon Ducks : RHP Edward Long
|
Batting: LHB Ernesto López
|
0-0: Ball 1-0: Ball 2-0: Foul Ball, location: 2F 2-1: Swinging Strike 2-2: Ground out 4-3 (Groundball, 4)
|
Batting: LHB Gerald Galloway
|
0-0: Ground out 5-3 (Groundball, 56)
|
Batting: RHB Shane O'Higgins
|
0-0: Foul Ball, location: 2F 0-1: Foul Ball, location: 2F 0-2: Strikes out swinging
|
Top of the 9th over - 0 run(s), 0 hit(s), 0 error(s), 0 left on base; Texas 2 - Oregon 9 |
|